General information
- name: BNet
- type: Ladder team game (AT/RT)
- host: Battle.net
- saver: CarpeDiem
map: FullScaleAssault
- players: 8
- length: 61:56
- speed: Fast
- version: 1.27 W3XP
- replay type: Public
» download(188 KB)
Players
team 1 (winner)

»
uH. (
pink | 0 APM | 0 actions | 00:01)
croque (
green | 51 APM | 27 actions | 00:32)
» actions
| Build / train | 2 | |
| Enter build submenu | 4 | |
| Right click | 8 | |
| Select / deselect | 9 | |
| Use ability | 4 | |
27 total
» units
» buildings
| Crypt | 1 | |
| Ziggurat | 1 | |
| Barracks | 1 | |
| Orc Burrow | 1 | |
4 total
» build order
00:09 Crypt
00:14 Ziggurat
00:26 Barracks
00:29 Orc Burrow
CarpeDiem (
blue | 12 APM | 755 actions | 61:56)
» actions
| Basic commands | 44 | |
| Build / train | 42 | |
| Enter build submenu | 67 | |
| Remove unit from queue | 20 | |
| Right click | 340 | |
| Select / deselect | 176 | |
| Use ability | 66 | |
755 total
» units
» buildings
| Farm | 1 | |
| Nerubian Tower | 1 | |
| Necropolis | 14 | |
| Town Hall | 2 | |
| Altar of Darkness | 2 | |
| Ziggurat | 11 | |
| Halls of the Dead | 0 | |
| Crypt | 4 | |
| Graveyard | 2 | |
37 total
» build order
00:03 Farm
03:33 Nerubian Tower
05:08 Necropolis
10:11 Town Hall
10:23 Town Hall
11:37 Necropolis
12:44 Necropolis
13:36 Necropolis
15:23 Necropolis
17:39 Necropolis
18:09 Necropolis
18:53 Necropolis
20:20 Necropolis
21:31 Necropolis
22:56 Altar of Darkness
22:58 Ziggurat
22:58 Ziggurat
23:43 Halls of the Dead
24:15 Ziggurat
24:17 Ziggurat
24:18 Ziggurat
24:18 Ziggurat
24:20 Ziggurat
24:21 Ziggurat
24:44 Halls of the Dead
25:14 Altar of Darkness
25:52 Crypt
25:55 Crypt
27:29 Crypt
27:33 Graveyard
27:40 Ziggurat
31:21 Crypt
31:24 Ziggurat
31:30 Graveyard
33:23 Ziggurat
36:59 Necropolis
37:14 Necropolis
37:41 Necropolis
42:12 Necropolis
strong3 (
yellow | 2 APM | 1 actions | 00:26)
team 2 (loser)
ho_opa_i (
red | 37 APM | 2317 actions | 61:56)
4 Dark Ranger
3 Black Arrow
1 Life Drain
1 Death Knight
1 Death Coil
1 Lich
1 Frost Nova
» actions
| Basic commands | 78 | |
| Build / train | 137 | |
| Enter build submenu | 69 | |
| Enter hero's abilities submenu | 5 | |
| Give item / drop item | 6 | |
| Right click | 1480 | |
| Select / deselect | 406 | |
| Use ability | 136 | |
2317 total
» units
| Acolyte | 29 | |
| Ghoul | 8 | |
| Goblin Shredder | 6 | |
| Goblin Zeppelin | 4 | |
| Frost Wyrm | 16 | |
| Blue Dragon | 7 | |
| Blue Drake | 5 | |
| Goblin Sapper | 2 | |
| Gargoyle | 1 | |
78 total
» upgrades
| Creature Carapace | 3 | |
| Creature Attack | 3 | |
| Freezing Breath | 1 | |
| Unholy Armor | 3 | |
| Unholy Strength | 2 | |
| Stone Form | 1 | |
13 total
» buildings
| Crypt | 5 | |
| Altar of Darkness | 3 | |
| Ziggurat | 21 | |
| Tomb of Relics | 4 | |
| Graveyard | 3 | |
| Necropolis | 8 | |
| Halls of the Dead | 6 | |
| Spirit Tower | 13 | |
| Black Citadel | 4 | |
| Nerubian Tower | 1 | |
| Sacrificial Pit | 2 | |
| Boneyard | 11 | |
81 total
» build order
00:34 Crypt
00:39 Crypt
00:46 Altar of Darkness
01:12 Ziggurat
01:32 Tomb of Relics
01:43 Graveyard
03:00 Ziggurat
04:24 Ziggurat
04:31 Ziggurat
05:31 Necropolis
05:54 Ziggurat
06:09 Ziggurat
06:19 Halls of the Dead
07:10 Spirit Tower
07:11 Spirit Tower
08:52 Black Citadel
08:54 Spirit Tower
08:56 Nerubian Tower
09:01 Spirit Tower
09:50 Spirit Tower
11:54 Sacrificial Pit
12:13 Necropolis
13:37 Boneyard
13:42 Boneyard
13:48 Boneyard
13:55 Boneyard
14:00 Boneyard
14:05 Boneyard
15:23 Tomb of Relics
16:10 Ziggurat
16:14 Ziggurat
16:18 Ziggurat
19:35 Ziggurat
21:29 Halls of the Dead
22:41 Necropolis
23:16 Halls of the Dead
23:23 Spirit Tower
23:24 Spirit Tower
23:26 Spirit Tower
23:44 Necropolis
25:02 Necropolis
25:20 Black Citadel
25:30 Halls of the Dead
26:00 Halls of the Dead
30:37 Black Citadel
32:43 Black Citadel
32:49 Halls of the Dead
44:51 Necropolis
45:37 Ziggurat
46:09 Necropolis
46:22 Altar of Darkness
46:31 Tomb of Relics
46:40 Graveyard
46:54 Sacrificial Pit
47:14 Ziggurat
47:19 Ziggurat
47:24 Ziggurat
49:10 Boneyard
49:18 Boneyard
49:23 Boneyard
49:28 Boneyard
49:37 Boneyard
49:53 Spirit Tower
49:59 Spirit Tower
50:01 Spirit Tower
50:03 Spirit Tower
50:17 Tomb of Relics
50:56 Ziggurat
51:01 Ziggurat
51:07 Ziggurat
51:50 Spirit Tower
53:34 Crypt
53:40 Crypt
53:45 Crypt
55:08 Graveyard
55:49 Necropolis
57:09 Ziggurat
57:15 Ziggurat
58:11 Altar of Darkness
58:54 Ziggurat
58:59 Ziggurat
» items
| Rod of Necromancy | 1 | |
| Sacrificial Skull | 2 | |
| Dust of Appearance | 1 | |
| Scroll of Healing | 2 | |
| Orb of Corruption | 1 | |
| Potion of Mana | 1 | |
| Potion of Healing | 1 | |
| Potion of Lesser Invulnerability | 1 | |
| Scroll of Protection | 1 | |
11 total

»
BlueFire (
purple | 52 APM | 3245 actions | 61:56)
5 Archmage
3 Summon Water Elemental
2 Brilliance Aura
3 Paladin
2 Holy Light
1 Divine Shield
» actions
| Assign group hotkey | 38 | |
| Basic commands | 758 | |
| Build / train | 174 | |
| Enter build submenu | 68 | |
| Enter hero's abilities submenu | 8 | |
| Give item / drop item | 3 | |
| Right click | 298 | |
| Select / deselect | 446 | |
| Select group hotkey | 1251 | |
| Use ability | 201 | |
3245 total
» units
| Peasant | 32 | |
| Footman | 24 | |
| Rifleman | 18 | |
| Mortar Team | 8 | |
| Goblin Shredder | 2 | |
84 total
» upgrades
| Long Rifles | 1 | |
| Lumber Harvesting | 2 | |
| Flare | 1 | |
| Fragmentation Shards | 1 | |
| Masonry | 2 | |
| Gunpowder | 2 | |
| Barrage | 1 | |
| Flak Cannons | 1 | |
| Flying Machine Bombs | 1 | |
| Animal War Training | 1 | |
13 total
» buildings
| Altar of Kings | 1 | |
| Farm | 26 | |
| Lumber Mill | 4 | |
| Barracks | 4 | |
| Arcane Vault | 1 | |
| Scout Tower | 17 | |
| Guard Tower | 25 | |
| Blacksmith | 1 | |
| Town Hall | 11 | |
| Keep | 4 | |
| Castle | 2 | |
| Workshop | 2 | |
| Arcane Sanctum | 2 | |
| Gryphon Aviary | 2 | |
102 total
» build order
00:35 Altar of Kings
00:50 Farm
01:04 Lumber Mill
01:16 Lumber Mill
01:36 Barracks
01:42 Farm
01:53 Farm
02:08 Farm
02:31 Arcane Vault
02:55 Scout Tower
03:24 Guard Tower
03:24 Guard Tower
03:27 Scout Tower
03:53 Guard Tower
03:53 Guard Tower
03:53 Guard Tower
04:42 Farm
04:44 Farm
04:56 Scout Tower
05:27 Guard Tower
05:33 Scout Tower
05:50 Scout Tower
05:54 Scout Tower
06:00 Scout Tower
06:15 Farm
06:20 Blacksmith
06:30 Guard Tower
06:34 Scout Tower
06:39 Scout Tower
06:42 Scout Tower
06:55 Scout Tower
07:03 Scout Tower
07:06 Scout Tower
07:09 Guard Tower
07:09 Guard Tower
07:13 Guard Tower
07:13 Guard Tower
07:26 Guard Tower
07:30 Guard Tower
07:30 Guard Tower
07:31 Guard Tower
07:33 Guard Tower
07:33 Guard Tower
08:43 Town Hall
10:45 Keep
10:46 Keep
12:02 Town Hall
13:14 Castle
13:15 Castle
15:21 Barracks
15:25 Workshop
16:59 Workshop
17:02 Farm
17:41 Farm
17:43 Farm
17:46 Farm
23:24 Arcane Sanctum
23:28 Arcane Sanctum
23:34 Gryphon Aviary
23:40 Gryphon Aviary
23:56 Lumber Mill
29:35 Town Hall
29:40 Town Hall
31:10 Town Hall
34:11 Town Hall
34:33 Town Hall
34:35 Scout Tower
34:38 Scout Tower
34:41 Scout Tower
34:53 Guard Tower
34:56 Scout Tower
34:58 Guard Tower
34:58 Guard Tower
36:04 Guard Tower
43:07 Town Hall
45:34 Farm
45:37 Farm
45:39 Farm
45:40 Farm
45:40 Farm
45:42 Farm
45:42 Farm
45:43 Farm
45:45 Farm
45:46 Farm
48:59 Farm
49:02 Farm
52:31 Farm
52:35 Farm
52:43 Barracks
54:52 Barracks
54:56 Lumber Mill
55:29 Farm
58:28 Town Hall
59:16 Keep
59:16 Keep
61:10 Town Hall
61:30 Town Hall
» items
| Scroll of Healing | 3 | |
| Boots of Speed | 3 | |
| Potion of Lesser Invulnerability | 3 | |
| Scroll of Town Portal | 14 | |
23 total
Jez_16 (
teal | 13 APM | 785 actions | 61:56)
5 Death Knight
3 Unholy Aura
2 Death Coil
» actions
| Basic commands | 47 | |
| Build / train | 24 | |
| Enter build submenu | 6 | |
| Enter hero's abilities submenu | 5 | |
| Give item / drop item | 12 | |
| Right click | 536 | |
| Select / deselect | 131 | |
| Use ability | 24 | |
785 total
» units
» upgrades
| Creature Attack | 1 | |
| Creature Carapace | 1 | |
| Web | 1 | |
3 total
» buildings
| Graveyard | 1 | |
| Crypt | 1 | |
| Ziggurat | 2 | |
| Altar of Darkness | 1 | |
| Halls of the Dead | 1 | |
| Spirit Tower | 2 | |
8 total
» build order
00:19 Graveyard
00:25 Crypt
00:33 Ziggurat
01:13 Altar of Darkness
02:21 Ziggurat
10:57 Halls of the Dead
11:55 Spirit Tower
11:56 Spirit Tower
» items
Warriar (
orange | 21 APM | 1294 actions | 61:56)
3 Keeper of the Grove
2 Force of Nature
1 Entangling Roots
» actions
| Assign group hotkey | 11 | |
| Basic commands | 237 | |
| Build / train | 56 | |
| Enter build submenu | 13 | |
| Enter hero's abilities submenu | 3 | |
| Give item / drop item | 2 | |
| Remove unit from queue | 1 | |
| Right click | 132 | |
| Select / deselect | 313 | |
| Select group hotkey | 468 | |
| Use ability | 58 | |
1294 total
» units
| Wisp | 10 | |
| Glaive Thrower | 5 | |
| Hippogryph | 10 | |
25 total
» upgrades
| Strength of the Moon | 3 | |
| Vorpal Blades | 1 | |
| Ultravision | 1 | |
| Reinforced Hides | 3 | |
| Well Spring | 1 | |
| Nature's Blessing | 1 | |
| Strength of the Wild | 3 | |
13 total
» buildings
| Moon Well | 7 | |
| Altar of Elders | 1 | |
| Tree of Ages | 1 | |
| Ancient of War | 2 | |
| Hunter's Hall | 1 | |
| Tree of Eternity | 1 | |
| Ancient of Wind | 2 | |
15 total
» build order
00:22 Moon Well
00:36 Altar of Elders
01:17 Moon Well
01:42 Moon Well
01:56 Moon Well
02:32 Tree of Ages
03:11 Ancient of War
03:13 Ancient of War
04:28 Hunter's Hall
08:58 Tree of Eternity
16:38 Ancient of Wind
16:41 Ancient of Wind
17:04 Moon Well
17:06 Moon Well
17:08 Moon Well
» items
| Scroll of Town Portal | 9 | |
| Periapt of Vitality | 1 | |
| Staff of Teleportation | 1 | |
11 total
Chat log
(00:06 / All) Jez_16: ?
(00:12 / All) BlueFire: wow
(00:15 / All) strong3: warriar is a bih
(00:19 / All) strong3: always crying
(00:22 / All) BlueFire: we have afk
(00:22 / All) strong3: kill you later
(00:39 / All) BlueFire: we have afk
(00:58 / All) Jez_16: no point playing
(08:25 / All) BlueFire: gj
(09:21 / All) BlueFire: great
(10:19 / All) BlueFire: come out
(13:11 / All) BlueFire: hi
(21:27 / All) BlueFire: im bored
(22:59 / All) BlueFire: hi
(25:57 / All) BlueFire: wow
(27:03 / All) BlueFire: hehehehe found u
(30:27 / All) Jez_16: your good at hiding lol
(32:34 / All) BlueFire: lol
(33:35 / All) BlueFire: lok
(35:54 / All) BlueFire: gg
(40:16 / All) BlueFire: gg
(41:56 / All) BlueFire: where r u lol
(45:04 / All) Warriar: get units u ot it
(45:11 / All) Warriar: only pupr has units and hes bad
(45:19 / All) Warriar: we tked all else
(45:29 / All) Warriar: only him he has rifs and morts
(45:53 / All) ho_opa_i: oj started the tk knew she woulod with puklts
(46:03 / All) Jez_16: stop chasing me
(46:08 / All) BlueFire: say sorry
(46:11 / All) Warriar: nah u faggots creepin while he summons everywhere
(46:15 / All) Jez_16: for what
(46:17 / All) Warriar: u want to lose we can faggot
(46:26 / All) BlueFire: say sorry for killing me
(46:39 / All) Warriar: game should have been over 30 minutes ago but u faggots doin dumshoit
(46:54 / All) BlueFire: oj ur the first to tk lol
(47:09 / All) ho_opa_i: notvb gtrue eld did
(47:15 / All) Warriar: yep just like i said u nfaggots fukin off while hem summons everywhere
(47:28 / All) Warriar: u want to lose we can
(48:52 / All) BlueFire: RED
(56:07 / All) BlueFire: THIS IS FUN
(61:42 / All) CarpeDiem: gg I had a noob team
(61:54 / All) CarpeDiem: maybe I should have kept quiet